 Dungeon Crawl Stone Soup version 0.18-a0-1028-g6e46bd4 (webtiles) character file.

106 Oddball22 the Insei (level 4, -2/32 HPs)
             Began as a Demonspawn Transmuter on Jan 9, 2016.
             Slain by a worker ant (6 damage)
             ... on level 3 of the Dungeon.
             The game lasted 00:05:29 (3110 turns).

Oddball22 the Insei (Demonspawn Transmuter)         Turns: 3110, Time: 00:05:29

Health: -2/32      AC:  2    Str: 10    XL:     4   Next: 55%
Magic:  7/7        EV: 12    Int: 15    God:
Gold:   149        SH:  0    Dex: 14    Spells: 3 memorised, 1 level left

rFire  + . .     SeeInvis .       - Unarmed
rCold  . . .     Gourm    .     b - +0 robe
rNeg   . . .     Faith    .     (no shield)
rPois  .         Spirit   .     (no helmet)
rElec  .         Dismiss  +     (no cloak)
rCorr  .         Reflect  .     (no gloves)
SustAt .         Harm     .     (boots currently unavailable)
MR     .....                    q - amulet of dismissal
Stlth  +.........               (no ring)
                                j - ring of protection from fire

@: lethally poisoned (-2 -> -5), appendage, not resistant to hostile
enchantments, very unstealthy
A: talons 3, powered by death 1
a: End Transformation


You were on level 3 of the Dungeon.
You were hungry.
You had grown temporary talons.
You visited 1 branch of the dungeon, and saw 4 of its levels.

You collected 149 gold pieces.

Inventory:

Missiles
 a - 12 arrows
 g - 17 poisoned arrows
Armour
 b - a +0 robe (worn)
 k - a +0 pair of boots
Jewellery
 j - a ring of protection from fire (left hand)
 q - an amulet of dismissal (around neck)
Scrolls
 e - 4 scrolls of identify {unknown}
 l - 2 scrolls of remove curse {unknown}
 m - a scroll of blinking {unknown}
 r - a scroll of teleportation {unknown}
Potions
 h - a potion of brilliance {unknown}
 i - a potion of cure mutation {unknown}
 n - a potion of curing {unknown}
 p - a potion of haste {unknown}
 s - 2 potions of heal wounds {unknown}
Books
 c - a book of Changes

   Spells                             Type                      Level
   a - Beastly Appendage              Transmutation                1
   b - Sticks to Snakes               Transmutation                2
   c - Spider Form                    Transmutation/Poison         3
   d - Ice Form                       Ice/Transmutation            4
   e - Blade Hands                    Transmutation                5
Comestibles
 d - a bread ration
 f - 2 meat rations
 o - 5 chunks of flesh
 t - a beef jerky


   Skills:
 - Level 1.0 Fighting
 - Level 1.7 Dodging
 * Level 4.0 Unarmed Combat
 + Level 2.2 Spellcasting
 + Level 2.8 Transmutations
 + Level 1.0 Poison Magic


You had one spell level left.
You knew the following spells:

 Your Spells              Type           Power        Failure   Level  Hunger
a - Beastly Appendage     Trmt           ##....       10%         1    #......
b - Sticks to Snakes      Trmt           ##......     12%         2    ###....
c - Spider Form           Trmt/Pois      #.........   34%         3    ###....


Dungeon Overview and Level Annotations

Branches:
Dungeon (4/15)
 Temple: D:4-7

Altars:
Dithmenos
Yredelemnul


Innate Abilities, Weirdness & Mutations

You regenerate a little health from kills.
You have claws for feet.


Message History

The worker ant bites you but does no damage.
You hit the worker ant.
The worker ant is moderately wounded.
You feel sick. The worker ant closely misses you.
You hit the worker ant. Your kick misses the worker ant.
The worker ant is moderately wounded.
The worker ant bites you.
* * * LOW HITPOINT WARNING * * *
You hit the worker ant but do no damage.
The worker ant is moderately wounded.
The worker ant bites you.
* * * LOW HITPOINT WARNING * * *
You hit the worker ant but do no damage.
The worker ant is moderately wounded.
* * * LOW HITPOINT WARNING * * *
You feel sick. The worker ant misses you. x2
You hit the worker ant. You claw the worker ant.
The worker ant is severely wounded.
The worker ant bites you.
You die...

#.# #.######.####### #.#
#........# #.# #.########
########.# #.# ......##.##
#####.# ####......####.....#
###.....#......###.#
..#..#)...########.#
....###.........@..#
..#..#.#.######a#### #########
)..#..##.[.).....########........
..###.#######.............#######
##.#..# ##...########## ###.#.#
##.## ......# ### #######


You could see a worker ant.

Vanquished Creatures
  A worker ant zombie (D:3)
  4 adders
  A giant gecko (D:1)
  9 orcs (D:3)
  A ball python (D:2)
  2 giant cockroaches
  6 goblins
  7 hobgoblins
  A quokka (D:3)
  4 bats
  3 giant newts
  3 kobolds
  6 rats
48 creatures vanquished.

Notes
Turn   | Place    | Note
--------------------------------------------------------------
     0 | D:1      | Oddball22 the Demonspawn Transmuter began the quest for the Orb.
     0 | D:1      | Reached XP level 1. HP: 15/15 MP: 3/3
   591 | D:1      | Reached skill level 3 in Unarmed Combat
   740 | D:1      | Gained mutation: You regenerate a little health from kills. [demonic ancestry]
   740 | D:1      | Reached XP level 2. HP: 1/21 MP: 3/5
  1283 | D:1      | Learned a level 2 spell: Sticks to Snakes
  1391 | D:2      | Found a shadowy altar of Dithmenos.
  1763 | D:2      | Reached XP level 3. HP: 7/26 MP: 6/6
  2270 | D:3      | Learned a level 3 spell: Spider Form
  2391 | D:3      | Reached XP level 4. HP: 17/32 MP: 4/7
  2639 | D:3      | Found a basalt altar of Yredelemnul.
  2933 | D:3      | Reached skill level 4 in Unarmed Combat
  2933 | D:3      | Reached skill level 1 in Poison Magic
  3110 | D:3      | Slain by a worker ant

Vault maps used:
D:1:      dpeg_arrival_prison, hangedman_glass_teeth
D:2:      nicolae_dithmenos_through_a_glass_darkly
D:3:      lemuel_doored_altar
D:4:      minmay_temple_entry_grid

Action                   |  1- 3 |  4- 6 || total
-------------------------+-------+-------++-------
Melee: Unarmed           |   153 |    77 ||   230
 Cast: Beastly Appendage |    15 |     4 ||    19
 Stab: Sleeping          |     4 |       ||     4
  Eat: Chunk             |     5 |     2 ||     7
